 Dungeon Crawl Stone Soup version 0.30.1-3-gfc49f6343a (webtiles) character file.

Game seed: 3189753303740964362

17 CaptainMV the Digger (level 2, 0/21 HPs)
             Began as a Demonspawn Wanderer on July 20, 2023.
             Slain by Terence
             ... wielding a +0 mace
              (7 damage)
             ... on level 2 of the Dungeon.
             The game lasted 00:06:15 (670 turns).

CaptainMV the Digger (Demonspawn Wanderer)           Turns: 670, Time: 00:06:16

Health: 0/21       AC:  5    Str: 12    XL:     2   Next: 44%
Magic:  5/5        EV: 11    Int: 14    God:
Gold:   42         SH:  0    Dex: 11    Spells: 4/5 levels left

rFire   . . .        a - +0 trident
rCold   . . .        (no shield)
rNeg    . . .        c - +1 robe
rPois   .            (no helmet)
rElec   .            (no cloak)
rCorr   .            (no gloves)
SInv    .            (no boots)
Will    .....        (no amulet)
Stlth   +            (no ring)
HPRegen 0.23/turn    (no ring)
MPRegen 0.09/turn

%: no passive effects
@: no status effects
A: slimy green scales 1
a: no special abilities


You were on level 2 of the Dungeon.
You visited 1 branch of the dungeon, and saw 2 of its levels.

You collected 42 gold pieces.

Inventory:

Hand Weapons
 a - a +0 trident (weapon)
 e - a +0 club
Armour
 c - a +1 robe (worn)
Jewellery
 g - a +4 ring of protection
Wands
 d - a wand of flame (6) (quivered)
Scrolls
 b - 4 scrolls of blinking
 j - a scroll of teleportation
Potions
 f - a potion of might {unknown}
 h - a potion of mutation {unknown}
 i - a potion of cancellation {unknown}


   Skills:
 + Level 1.0 Fighting
 + Level 0.1 Polearms
 + Level 2.2 Spellcasting
 + Level 1.0 Translocations
 + Level 4.9 Earth Magic
 + Level 1.0 Evocations


You had 4 spell levels left.
You knew the following spells:

 Your Spells              Type           Power      Damage    Failure   Level
a - Sandblast             Erth           30%        2d9       3%          1

Your spell library contained the following spells:

 Spells                   Type           Power      Damage    Failure   Level
 Passwall                 Tmut/Erth      6%         N/A       13%         2
 Apportation              Tloc           8%         N/A       16%         1
 Foxfire                  Conj/Fire      4%         2x1d4     24%         1
 Necrotise                Necr           4%         1d4       24%         1
 Volatile Blastmotes      Fire/Tloc      4%         2d10      50%         3
 Vampiric Draining        Necr           1%         2d6       56%         3
 Animate Armour           Summ/Erth      16%        N/A       63%         4
 Agony                    Necr           1%         N/A       100%        5
 Fireball                 Conj/Fire      0%         3d3       100%        5
 Plasma Beam              Fire/Air       0%         2x1d11    100%        6
 Starburst                Conj/Fire      0%         6d3       100%        6


Dungeon Overview and Level Annotations

Branches:
Dungeon (2/15)

Altars:

Annotations:
D:2 Natasha, Terence


Innate Abilities, Weirdness & Mutations

You are partially covered in slimy green scales. (AC +2)


Message History

Natasha, Servant of Life and Death comes into view.
Terence the Incautious comes into view.
He is wielding a +0 mace and wearing a +0 chain mail of cold resistance.
You see here a scroll of teleportation.
j - a scroll of teleportation Terence shouts!
Terence screams, "I'm going to kill you!"
Casting: Sandblast (safe; 3% risk of failure)
Confirm with . or Enter, or press ? or * to list all spells.
Aiming: Sandblast (safe; 3% risk of failure)
Press: ? - help, Shift-Dir - straight line, f - Terence
Aim: Terence, wielding a +0 mace and wearing a +0 chain mail of cold resistance (87% to hit)
The blast of sand hits Terence but does no damage.
You hit Terence.
Terence is lightly wounded.
Terence hits you with a +0 mace. Terence closely misses you.
You hit Terence but do no damage.
Terence is lightly wounded.
Terence misses you.
You puncture Terence!
Terence is moderately wounded.
Terence hits you with a +0 mace.
You hit Terence but do no damage.
Terence is moderately wounded.
Terence closely misses you.
You completely miss Terence.
Terence is moderately wounded.
Terence hits you with a +0 mace. Terence says, "How do you enjoy it?"
Terence hits you with a +0 mace.
You barely miss Terence.
Terence is moderately wounded.
Terence hits you with a +0 mace.
You barely miss Terence.
Terence is moderately wounded.
Terence closely misses you.
You hit Terence but do no damage.
Terence is moderately wounded.
Terence says, "Rest in peace."
Terence hits you with a +0 mace!
You die...

#.. #h #.# #####. #.#
#......##+#.#
#...........#
#.....[.....#
+...........+
#...........####.#
...)........@@..#
.#.#...............#
#<................#
.#..............##.#
#................# #
#.....#..............
#.#####............###
# #.............
.....#+#+######.


You could see Terence.

Vanquished Creatures
  An endoplasm (D:1)
  A giant cockroach (D:1)
  A goblin (D:1)
  4 hobgoblins
  3 kobolds
  4 ball pythons (D:1)
  A rat (D:1)
15 creatures vanquished.

Notes
Turn   | Place    | Note
-------+----------+-------------------------------------------
     0 | D:1      | CaptainMV the Demonspawn Wanderer began the quest for the
                  | Orb.
     0 | D:1      | CaptainMV set off with the following items: a +0 club, a
                  | scroll of blinking, a +0 robe, a wand of flame (6); and the
                  | following spells available to memorise: Sandblast,
                  | Passwall, Apportation, Volatile Blastmotes, Animate Armour.
     0 | D:1      | Reached XP level 1. HP: 15/15 MP: 3/3
     2 | D:1      | Learned a level 1 spell: Sandblast
   251 | D:1      | Gained mutation: You are partially covered in slimy green
                  | scales. (AC +2) [demonic ancestry]
   251 | D:1      | Reached XP level 2. HP: 14/21 MP: 5/5
   655 | D:2      | Noticed Natasha
   658 | D:2      | Noticed Terence
   670 | D:2      | Slain by Terence

Illustrated notes

Levels and vault maps discovered:
D:1:      minmay_arrival_diagonal_passages, layout_basic
D:2:      layout_basic, basic_altar, kennysheep_generic_room_8, uniq_terence,
          uniq_jessica, uniq_natasha

Action                     || total
---------------------------++-------
  Melee: Trident           ||    20
   Cast: Sandblast         ||    14
    Use: Scroll            ||     4
   Stab: Sleeping          ||     1
 Armour: Robe              ||     3
  Dodge: Dodged            ||     8
